Map: Thunderbird LE

Players

DnS

  • Race: Protoss Protoss
  • Spawn Location: 11:00

Denver - Winner!

  • Race: Zerg Zerg
  • Spawn Location: 5:00

Event: 2019 WCS Summer

VOD

Have the link to the VOD?

Description

Time

  • Played on: July 13, 2019, 10:24 a.m.
  • Length: 9:55

All games in this series

Show
View Real Time Build Order
Export as new Build Order

DnS Protoss 

Build Orders: 1 Gate Expand, Oracle Opening, Phoenix Opening, Zealot Archon, Archon Drop 

Get SALT Encoding   

  12  0:00  Probe  
  13  0:12  Probe  
  14  0:18  Pylon  
  14  0:24  Probe  
  15  0:32  Probe  
  15  0:39  Gateway  
  15  0:40  Probe  
  16  0:46  Assimilator  
  17  0:51  Probe  
  18  1:03  Probe  
  19  1:15  Probe  
  20  1:23  Nexus  
  20  1:33  Cybernetics Core  
  20  1:37  Probe  
  21  1:43  Assimilator  
  21  1:49  Probe  
  21  1:52  Pylon  
  22  2:00  Adept  
  22  2:01  Probe  
  23  2:13  Probe  
  23  2:15  Stargate  
  26  2:24  Probe, Warp Gate  
  27  2:30  Adept  
  27  2:32  Probe x2  
  31  2:40  Probe x2  
  31  2:50  Probe  
  33  2:51  Probe  
  33  2:54  Phoenix  
  35  3:02  Probe  
  35  3:03  Probe  
  39  3:09  Pylon  
  39  3:14  Probe  
  39  3:16  Probe  
  39  3:19  Oracle  
  41  3:20  Assimilator  
  41  3:24  Gateway  
  41  3:26  Probe  
  45  3:31  Probe  
  46  3:37  Assimilator  
  46  3:38  Probe  
  47  3:42  Pylon  
  47  3:44  Probe  
  48  3:50  Probe  
  49  3:57  Probe  
  50  4:03  Probe  
  50  4:06  Robotics Facility  
  50  4:09  Probe  
  51  4:12  Zealot  
  51  4:15  Probe  
  54  4:21  Probe  
  55  4:25  Nexus  
  55  4:27  Probe  
  56  4:33  Pylon  
  56  4:34  Probe, Pylon  
  56  4:35  Twilight Council  
  57  4:41  Probe  
  58  4:46  Gateway  
  58  4:47  Warp Prism  
  58  4:48  Gateway  
  56  5:01  Gateway  
  56  5:02  Gateway  
  56  5:05  Zealot  
  56  5:06  Zealot  
  58  5:15  Templar Archives  
  58  5:16  Immortal  
  61  5:29  Gateway  
  61  5:31  Gateway  
  60  5:37  Zealot x2  
  60  5:41  Shield Battery  
  60  5:42  Shield Battery  
  64  5:46  Sentry x2  
  66  5:50  Pylon  
  66  5:55  High Templar  
  66  5:57  High Templar  
  70  6:01  Archon  
  70  6:02  High Templar  
  70  6:05  Pylon  
  70  6:07  Pylon  
  65  6:13  Immortal  
  65  6:15  High Templar  
  66  6:19  Archon  
  66  6:22  Zealot x2  
  70  6:34  Pylon  
  70  6:37  Pylon  
  70  6:38  Zealot  
  72  6:45  Zealot x2  
  54  6:55  Probe x2  
  54  6:57  Zealot  
  55  7:06  Zealot  
  55  7:07  Probe  
  55  7:08  Probe  
  59  7:16  Zealot  
  59  7:20  Probe x2  
  58  7:26  High Templar  
  58  7:27  High Templar  
  62  7:33  Archon  
  62  7:38  Zealot  
  62  7:39  Probe  
  65  7:45  Observer  
  65  7:48  Probe  
  65  7:50  Pylon  
  67  7:51  Probe  
  70  8:06  Probe x2  
  72  8:13  Gateway  
  72  8:17  Stalker  
  72  8:19  Stalker  
  74  8:23  High Templar x2  
  74  8:24  Probe  
  79  8:27  Archon  
  79  8:34  Zealot x2  
  85  8:41  Pylon  
  83  8:50  High Templar x2  
  87  8:56  Zealot, Archon  
  87  8:57  Zealot x3  
  93  9:20  Zealot x4  
  93  9:21  Probe  
  72  9:34  Probe x2  
Show
View Real Time Build Order
Export as new Build Order

Denver Zerg - Winner!

Build Orders: Hatch First 

Get SALT Encoding   

  12  0:00  Drone  
  13  0:12  Overlord  
  13  0:16  Drone  
  14  0:30  Drone  
  14  0:31  Drone  
  16  0:47  Hatchery  
  15  0:50  Drone  
  15  0:54  Drone  
  17  0:57  Drone  
  18  1:07  Extractor  
  17  1:12  Spawning Pool  
  17  1:17  Drone  
  17  1:18  Drone  
  18  1:28  Drone  
  19  1:39  Drone  
  20  1:49  Drone  
  21  1:59  Queen  
  21  2:00  Zergling x4, Queen  
  27  2:08  Metabolic Boost  
  27  2:09  Overlord  
  27  2:11  Drone  
  28  2:31  Drone, Hatchery  
  28  2:34  Drone  
  28  2:36  Drone  
  30  2:38  Drone  
  31  2:44  Overlord  
  31  2:46  Drone  
  32  2:53  Queen  
  32  2:56  Drone  
  32  2:58  Drone  
  36  3:04  Drone  
  36  3:05  Drone  
  38  3:08  Drone  
  38  3:09  Drone x2  
  41  3:12  Overlord  
  41  3:16  Drone x2  
  41  3:18  Drone  
  44  3:23  Overlord  
  44  3:33  Overlord  
  46  3:37  Queen  
  46  3:41  Drone  
  49  3:42  Spore Crawler  
  49  3:44  Lair  
  49  3:47  Overlord  
  46  3:51  Drone x4  
  49  3:56  Queen  
  49  3:59  Spore Crawler  
  50  4:07  Overlord  
  50  4:13  Queen, Spore Crawler  
  50  4:15  Zergling x6  
  53  4:26  Zergling x16  
  61  4:31  Zergling x6  
  61  4:38  Zergling x10  
  69  4:45  Nydus Network  
  66  4:55  Zergling x16  
  66  4:58  Overseer  
  71  5:03  Queen  
  71  5:06  Overlord  
  73  5:10  Zergling x2  
  71  5:21  Nydus Canal  
  71  5:23  Zergling x6  
  71  5:24  Zergling x14  
  71  5:27  Queen  
  81  5:35  Nydus Canal  
  81  5:40  Zergling x2  
  81  5:42  Overlord  
  80  5:50  Nydus Canal, Overlord  
  80  5:52  Queen  
  80  5:54  Overlord  
  80  5:55  Queen  
  79  5:57  Overlord  
  79  6:00  Overlord  
  78  6:05  Zergling x2  
  78  6:06  Zergling x12  
  85  6:11  Queen  
  86  6:21  Zergling x12  
  89  6:31  Queen  
  83  6:41  Zergling x12  
  83  6:42  Queen  
  85  6:47  Queen  
  85  6:52  Drone x5  
  80  7:06  Drone x3  
  80  7:07  Drone, Queen  
  76  7:12  Baneling Nest  
  72  7:17  Queen  
  72  7:19  Drone  
  72  7:22  Queen  
  72  7:23  Extractor  
  72  7:24  Extractor  
  72  7:27  Drone  
  72  7:28  Drone x6  
  78  7:34  Nydus Canal  
  78  7:39  Overseer  
  78  7:42  Extractor  
  78  7:43  Queen  
  78  7:44  Hydralisk Den  
  78  7:45  Drone  
  78  7:46  Drone x8  
  87  7:51  Extractor  
  87  7:52  Extractor  
  87  7:53  Drone x2  
  87  7:54  Drone x3  
  87  7:56  Drone  
  91  8:00  Centrifical Hooks  
  91  8:05  Zergling x6  
  92  8:10  Overlord  
  94  8:13  Grooved Spines  
  94  8:18  Overlord  
  94  8:21  Hydralisk  
  94  8:22  Overlord  
  96  8:29  Hydralisk x2, Overlord  
  96  8:33  Hatchery  
  99  8:38  Hydralisk  
  99  8:39  Baneling  
  99  8:40  Baneling x4  
  99  8:41  Baneling  
  101  8:45  Baneling x2  
  101  8:50  Hydralisk x2  
  105  8:55  Baneling  
  105  8:56  Baneling x2  
  105  8:59  Hydralisk  
  105  9:00  Zergling x16  
  115  9:02  Baneling  
  115  9:03  Baneling x2  
  115  9:09  Zergling x10  
  105  9:21  Hydralisk x5  
  105  9:22  Zergling x2  
  97  9:30  Hydralisk x3  
Tags
 
Add a new tag
Caveats
  • Supply blocks, unpowered buildings, or Contaminate may cause inaccurate times.
  • Supply counts are checked every 10 seconds.